 Dungeon Crawl Stone Soup version 0.22.0-49-gab54619 (webtiles) character file.

429 vatarom the Slasher (level 7, -1/55 HPs)
             Began as a Formicid Abyssal Knight on Sept 6, 2018.
             Was a Follower of Lugonu.
             Slain by a sky beast (6 damage)
             ... on level 5 of the Dungeon.
             The game lasted 00:08:49 (4874 turns).

vatarom the Slasher (Formicid Abyssal Knight)       Turns: 4874, Time: 00:08:50

Health: -1/55      AC:  8    Str: 17    XL:     7   Next: 19%
Magic:  10/10      EV: 10    Int: 11    God:    Lugonu [*.....]
Gold:   206        SH:  0    Dex: 12    Spells: 6/6 levels left

rFire    . . .     SeeInvis +   f - +0 long sword
rCold    . . .     Gourm    .   (no shield)
rNeg     . . .     Faith    .   e - +0 scale mail
rPois    .         Spirit   .   (helmet unavailable)
rElec    .         Reflect  .   (no cloak)
rCorr    .         Harm     .   (no gloves)
MR       .....                  h - +1 pair of boots
Stlth    ..........             (no amulet)
HPRegen  0.18/turn              (no ring)
MPRegen  0.12/turn              (no ring)

@: no status effects
A: permanent stasis, dig shafts and tunnels, four strong arms, antennae 3
a: Dig, Shaft Self, Depart the Abyss, Renounce Religion


You were on level 5 of the Dungeon.
You worshipped Lugonu.
Lugonu was aware of your devotion.
You were not hungry.

You visited 1 branch of the dungeon, and saw 5 of its levels.
You visited the Abyss 2 times.

You collected 206 gold pieces.

Inventory:

Hand Weapons
 f - a +0 long sword (weapon)
Armour
 b - a +0 leather armour
 e - a +0 scale mail (worn)
 h - a +1 pair of boots (worn)
Scrolls
 a - a scroll of identify {@r1}
 g - 2 scrolls of magic mapping
 i - a scroll of fog
Potions
 d - a potion of haste {@q3}
Comestibles
 c - 7 rations {@e1}


   Skills:
 + Level 4.8 Fighting
 * Level 4.9 Long Blades
 - Level 2.1 Armour
 + Level 2.4 Dodging
 + Level 4.3 Invocations


You had 6 spell levels left.
You didn't know any spells.
Your spell library was empty.

Dungeon Overview and Level Annotations

Branches:
Dungeon (4/15)
 Temple: D:4-7

Altars:
Hepliaklqana
Wu Jian

Annotations:
D:2 Terence
D:3 inc's ghost, weakling OpFE
D:4 Grinder


Innate Abilities, Weirdness & Mutations

You cannot be hasted, slowed, berserked, paralysed or teleported.
You can dig through walls and to a lower floor.
Your four strong arms can wield two-handed weapons with a shield.
You have a pair of large antennae on your head. (SInv)


Message History

A sky beast comes into view.
Found an escape hatch in the ceiling.
Unknown command.
You retract your mandibles.
The sky beast hits you but does no damage.
You closely miss the sky beast. The sky beast barely misses you.
You riposte.
You hit the sky beast.
The sky beast is lightly wounded.
You hit the sky beast.
The sky beast is moderately wounded.
The sky beast hits you.
* * * LOW HITPOINT WARNING * * *
The sky beast shocks you.
* * * LOW HITPOINT WARNING * * *
You slash the sky beast!
The sky beast is severely wounded.
The sky beast hits you.
* * * LOW HITPOINT WARNING * * *
The sky beast shocks you.
You die...

# ## { .# ##.
..# .. .... #.
.....
######.#+#...<..
......Y@........
######....###..#
#....# #.#.##
..... { ##.#.##
#.#.# #.###


You could see a sky beast.

Vanquished Creatures
  Sigmund (D:3)
  2 centaur skeletons (D:4)
  2 orc priests (D:3)
  A worker ant (D:4)
  A howler monkey skeleton (D:4)
  An adder (D:3)
  2 oozes
  4 worms
  2 leopard geckos
  5 orcs (D:3)
  10 giant cockroaches
  9 goblins
  5 hobgoblins
  6 jackals (D:2)
  10 kobolds
  4 quokkas
  9 bats
  3 frilled lizards (D:1)
  3 rats
80 creatures vanquished.

Vanquished Creatures (others)
  A fungus (D:3)
  A plant (D:3)
2 creatures vanquished.

Grand Total: 82 creatures vanquished

Notes
Turn   | Place    | Note
-------+----------+-------------------------------------------
     0 | Abyss:1  | vatarom the Formicid Abyssal Knight began the quest for the
                  | Orb.
     0 | Abyss:1  | Reached XP level 1. HP: 18/18 MP: 2/2
    69 | Abyss:1  | Noticed a large abomination
    70 | Abyss:1  | Noticed a small abomination
    76 | Abyss:1  | Noticed a sky beast
   131 | D:1      | Escaped the Abyss
   317 | D:1      | Reached XP level 2. HP: 20/24 MP: 3/3
   560 | D:1      | Reached * piety under Lugonu
   595 | D:1      | Reached XP level 3. HP: 27/29 MP: 4/4
  1633 | D:2      | Noticed Terence
  1959 | D:2      | Reached XP level 4. HP: 37/37 MP: 6/6
  2054 | D:2      | Reached skill level 1 in Dodging
  2646 | D:2      | Reached ** piety under Lugonu
  3046 | D:3      | Noticed Sigmund
  3066 | D:3      | Killed Sigmund
  3066 | D:3      | Reached XP level 5. HP: 6/43 MP: 7/7
  3066 | D:3      | Reached XP level 6. HP: 6/49 MP: 8/8
  3333 | D:3      | Found a hazy altar of Hepliaklqana.
  3342 | D:3      | Found a runed gate.
  4144 | D:3      | Found a runed gate.
  4144 | D:3      | Found a runed gate.
  4145 | D:3      | Noticed inc's ghost (weakling OpFE)
  4203 | D:3      | Cast into level 1 of the Abyss (big kobold)
  4210 | Abyss:1  | Noticed a starcursed mass
  4215 | D:3      | Escaped the Abyss
  4221 | D:3      | You fall through a shaft!
  4676 | D:4      | Reached XP level 7. HP: 52/55 MP: 10/10
  4701 | D:4      | Found an ornate altar of the Wu Jian Council.
  4858 | D:4      | Noticed Grinder
  4870 | D:4      | You fall through a shaft!
  4870 | D:5      | Entered Level 5 of the Dungeon
  4874 | D:5      | Slain by a sky beast

Skill      XL: |  1  2  3  4  5  6 |
---------------+-------------------+-----
Long Blades    | 3 4 |  4.9
Invocations    | 3 4 |  4.3
Dodging        | 2 |  2.4
Fighting       | 4 |  4.8
Armour         | |  2.1

Action                   |  1- 3 |  4- 6 |  7- 9 || total
-------------------------+-------+-------+-------++-------
Melee: Falchion          |   112 |       |       ||   112
       Long sword        |     3 |   158 |    18 ||   179
Invok: Depart the Abyss  |     1 |     1 |       ||     2
 Abil: Dig               |     7 |     1 |     1 ||     9
       Shaft Self        |       |     1 |     1 ||     2
  Use: Potion            |     3 |     1 |       ||     4
       Scroll            |     1 |     4 |     2 ||     7
  Eat: Chunk             |     3 |     7 |       ||    10
       Ration            |       |     1 |       ||     1
Armor: Leather armour    |    31 |    43 |       ||    74
       Scale mail        |       |       |     9 ||     9
Dodge: Dodged            |    63 |    99 |     6 ||   168
       Rpst.: Falchion   |    18 |       |       ||    18
       Long sword        |       |    33 |     1 ||    34
